 Dungeon Crawl Stone Soup version 0.29.1-15-g9cfb28693d (webtiles) character file.

Game seed: 18007685468943551484

217 growler the Ruffian (level 5, -2/40 HPs)
             Began as a Draconian Transmuter on Feb 27, 2023.
             Slain by Natasha (3 damage)
             ... on level 3 of the Dungeon.
             The game lasted 00:10:31 (2896 turns).

growler the Ruffian (Draconian Transmuter)          Turns: 2896, Time: 00:10:32

Health: -2/40      AC:  5    Str: 13    XL:     5   Next: 61%
Magic:  4/9        EV: 12    Int: 15    God:
Gold:   71         SH:  0    Dex: 11    Spells: 0/10 levels left

rFire   . . .      SeeInvis .     - Unarmed
rCold   + . .      Faith    .   (no shield)
rNeg    . . .      Spirit   .   (body armour unavailable)
rPois   +          Reflect  .   (helmet currently unavailable)
rElec   .          Harm     .   (no cloak)
rCorr   .          Rampage  .   (no gloves)
Will    .....                   (boots currently unavailable)
Stlth   +.........              (no amulet)
HPRegen 0.13/turn               d - ring of protection from cold
MPRegen 0.11/turn               k - ring of poison resistance

@: appendages (expiring), wereblooded (expiring)
A: horns 2, talons 2, AC +5, unfitting armour, cold-blooded
a: End Transformation


You were on level 3 of the Dungeon.
You had temporarily grown beastly horns and talons.
You visited 1 branch of the dungeon, and saw 3 of its levels.

You collected 71 gold pieces.

Inventory:

Jewellery
 d - a ring of protection from cold (left hand)
 k - a ring of poison resistance (right hand)
Scrolls
 b - 2 scrolls of immolation {unknown}
 e - a scroll of summoning {unknown}
 g - 3 scrolls of identify {unknown}
 i - a scroll of amnesia {unknown}
 j - a scroll of fog {unknown}
 l - a scroll of blinking {unknown}
 m - a scroll of brand weapon {unknown}
 q - a scroll of acquirement {unknown}
Potions
 a - a potion of lignification
 c - 2 potions of heal wounds
 f - 2 potions of curing
 h - a potion of haste {unknown}
 n - a potion of flight {unknown}
 o - a potion of magic {unknown}
 p - a potion of invisibility {unknown}


   Skills:
 - Level 1.1 Fighting
 - Level 1.7 Dodging
 + Level 4.7 Unarmed Combat
 - Level 3.0 Spellcasting
 - Level 4.0 Transmutations


You couldn't memorise any spells.
You knew the following spells:

 Your Spells              Type           Power      Damage    Failure   Level
a - Beastly Appendage     Tmut           28%        N/A       3%          1
b - Wereblood             Tmut           14%        N/A       6%          2
c - Spider Form           Tmut/Pois      8%         N/A       26%         3
d - Ice Form              Ice/Tmut       8%         N/A       65%         4

Your spell library contained the following spells:

 Spells                   Type           Power      Damage    Failure   Level
 Passwall                 Tmut/Erth      6%         N/A       13%         2
 Foxfire                  Conj/Fire      8%         2x1d4     21%         1
 Shock                    Conj/Air       8%         1d3       21%         1
 Ensorcelled Hibernation  Hex/Ice        4%         N/A       30%         2
 Conjure Flame            Conj/Fire      2%         6-21      52%         3
 Inner Flame              Hex/Fire       2%         N/A       52%         3
 Swiftness                Air            2%         N/A       52%         3
 Airstrike                Air            1%         2d(1-17)  89%         4
 Flame Wave               Conj/Fire      2%         2d4       89%         4


Dungeon Overview and Level Annotations

Branches:
Dungeon (3/15)

Altars:

Annotations:
D:3 Natasha


Innate Abilities, Weirdness & Mutations

You have temporarily grown beastly horns and talons.
Your plain brown scales are hard. (AC +5)
You cannot fit into any form of body armour.
You are cold-blooded and may be slowed by cold attacks.


Message History

The shadow imp shouts, "Bolt, thou fobbing unchin-snouted foot-licker!"
The shadow imp hits you.
* * * LOW HITPOINT WARNING * * *
Natasha closely misses you.
Your magical contamination has completely faded away.
You barely miss Natasha. Your kick misses Natasha.
Natasha is severely wounded.
Your transformation is almost over.
The crimson imp closely misses you.
The shadow imp hits you but does no damage.
Natasha closely misses you.
The crimson imp shouts, "Turn tail, thou cockered guts-griping strumpet!"
The crimson imp blinks!
The shadow imp hits you but does no damage.
You hit Natasha. Your headbutt misses Natasha.
Natasha is severely wounded.
Natasha completely misses you. The shadow imp hits you.
* * * LOW HITPOINT WARNING * * *
Unknown command.
You hit Natasha but do no damage. You claw Natasha.
Natasha is almost dead.
Natasha mumbles some strange words.
You feel disoriented. Natasha claws you but does no damage.
An orc priest comes into view.
It is wielding a +3 scimitar of protection.
The shadow imp closely misses you. Natasha barely misses you.
You barely miss Natasha.
The orc priest shouts!
Your kick misses Natasha.
Natasha is almost dead.
You feel yourself speed up.
Your primal bloodlust is almost over.
The shadow imp barely misses you. Natasha claws you.
* * * LOW HITPOINT WARNING * * *
The gnoll hits you from afar with a +0 spear.
* * * LOW HITPOINT WARNING * * *
The shadow imp barely misses you.
You hit Natasha but do no damage. You claw Natasha, but do no damage.
Natasha is almost dead.
Natasha claws you.
You die...

#.# # #.# # #.## ..# .#
# #.... ..# #.#.#
#..#.##.##....#
#.......#5.....
####.#....hg..o..
........5@# #..####.#
###.......# .......)..#
##.....#..# ...
##.....#..# ...h.
..........# ...###
###.......# .....
.###.......#####...###.


You could see an orc priest, Natasha, a gnoll, a white imp (summoned) and a
shadow imp (summoned).

Vanquished Creatures
  An orc priest (D:3)
  Terence (D:2)
  Natasha (twice) (D:3)
  Robin (D:3)
  3 adders
  A dart slug (D:2)
  2 worms
  5 orcs
  2 ball pythons (D:2)
  2 endoplasms
  A giant cockroach (D:3)
  9 goblins
  10 hobgoblins
  3 quokkas
  3 bats
  9 frilled lizards
  7 kobolds
  2 rats
64 creatures vanquished.

Vanquished Creatures (others)
  2 withered plants (D:3)
2 creatures vanquished.

Grand Total: 66 creatures vanquished

Notes
Turn   | Place    | Note
-------+----------+-------------------------------------------
     0 | D:1      | growler the Draconian Transmuter began the quest for the
                  | Orb.
     0 | D:1      | Reached XP level 1. HP: 16/16 MP: 3/3
   217 | D:1      | Found a faded altar of an unknown god.
   440 | D:1      | Reached XP level 2. HP: 21/23 MP: 3/5
   443 | D:1      | Learned a level 2 spell: Wereblood
  1356 | D:2      | Reached XP level 3. HP: 19/28 MP: 4/6
  1360 | D:2      | Learned a level 3 spell: Spider Form
  1676 | D:2      | Noticed Terence
  1688 | D:2      | Killed Terence
  1841 | D:2      | Reached XP level 4. HP: 35/35 MP: 8/8
  2309 | D:3      | Noticed Natasha
  2367 | D:3      | Killed Natasha
  2575 | D:3      | Reached XP level 5. HP: 32/40 MP: 7/9
  2580 | D:3      | Learned a level 4 spell: Ice Form
  2676 | D:3      | Noticed Natasha
  2686 | D:3      | Killed Natasha
  2759 | D:3      | Noticed Robin
  2789 | D:3      | Killed Robin
  2835 | D:3      | Identified the +6 chain mail "Tuzxexto" {Str+3}
  2836 | D:3      | Noticed Natasha
  2889 | D:3      | HP: 2/40 [Natasha/magic dart (7)]
  2895 | D:3      | HP: 1/40 [gnoll/+0 spear (3)]
  2896 | D:3      | Slain by Natasha

Illustrated notes

Levels and vault maps discovered:
D:1:      amcnicky_arrival_single_pillar, layout_basic, serial_corexii_hall,
          corexii_hall_statues_l, corexii_hall_statues_l,
          ebering_ecumenical_altar_abandoned
D:2:      cheibrodos_helix_gallery, layout_loops_ring, uniq_terence
D:3:      layout_loops_cross, yredelemnul_altar_generic,
          minmay_misc_feat_columns, uniq_natasha, uniq_robin

Skill      XL: |  1  2  3  4  5 |
---------------+----------------+-----
Transmutations | 3 4 |  4.0
Spellcasting   | 3 |  3.0
Unarmed Combat | 4 |  4.7
Fighting       | |  1.1
Dodging        | |  1.7

Action                   |  1- 3 |  4- 6 || total
-------------------------+-------+-------++-------
Melee: Unarmed           |    86 |   142 ||   228
       Tailslap          |    10 |    21 ||    31
       Kick              |     5 |    20 ||    25
       Punch             |     2 |     3 ||     5
       Headbutt          |     5 |    11 ||    16
 Cast: Beastly Appendage |     6 |     6 ||    12
       Wereblood         |     1 |     3 ||     4
       Spider Form       |     1 |     2 ||     3
  Use: Potion            |       |     1 ||     1
 Stab: Sleeping          |       |     1 ||     1
Armor: Skin              |    21 |    40 ||    61
Dodge: Dodged            |    48 |    96 ||   144
